cohdb
Replays
Latest Replays
All Replays
Popular Replays
Top Player Replays
Match Explorer
How It Works
Community
CoH3 Stats
Reddit
Sign in to upload your games and track your stats! →
Sign in with Steam
Match 35277448
Unlisted
Match 35277448
Overview
Messages
Build Orders
End
Construct Infanterie Kompanie
Selects Luftwaffe Battlegroup
Selects Luftwaffe Pioneer Support
Fallschirmpioneer Squad Paradrop
MG 42 Machine Gun Team
Grenadier Squad
Grenadier Squad
Medical Station
Selects LG40 Recoilless Gun Paradrop
Construct Luftwaffe Kompanie
Jäger Squad
Jäger Squad
Luftwaffe Officer Quarters
Jäger Squad
Selects Infantry Reserves
Construct Panzer Kompanie
Selects Reconnaissance Run
Sturmpanzer IV Brummbär
Selects Fallschirmjäger Squad Paradrop
Side Skirts
Selects Stuka Loiter
Stuka Loiter
Green Béret
[Ace] Mango Rage
【嗜血狼族】灵狐魅儿
한국사람
GATE
Kakamora
2587993550
冲锋大哥
0
0
Comments
sign in to comment!
No comments posted yet!